 Dungeon Crawl Stone Soup version 0.31-a0-1074-g0b22e4e0f1 (webtiles) character file.

Game seed: 6753850770522248942

9279 Forgeling the Skirmisher (level 11, -3/84 HPs)
             Began as a Formicid Hexslinger on Dec 5, 2023.
             Was a High Priest of Okawaru.
             Slain by a catoblepas (24 damage)
             ... on level 10 of the Dungeon.
             The game lasted 00:48:59 (12762 turns).

Forgeling the Skirmisher (Formicid Hexslinger)     Turns: 12762, Time: 00:48:59

Health: -3/84      AC:  8    Str: 20    XL:     11   Next: 71%
Magic:  17/17      EV: 16    Int: 12    God:    Okawaru [*****.]
Gold:   630        SH:  0    Dex: 20    Spells: 10/12 levels left

rFire   . . .        z - +0 orcbow
rCold   . . .        (no shield)
rNeg    . . .        l - +0 steam dragon scales
rPois   .            (helmet unavailable)
rElec   .            p - +0 cloak
rCorr   .            b - +0 pair of gloves
SInv    +            (no boots)
Will    ++...        (no amulet)
Stlth   +++++        x - ring of willpower
HPRegen 0.34/turn    m - +6 ring of strength
MPRegen 0.15/turn

%: no passive effects
@: heroic
A: permanent stasis, dig shafts and tunnels, antennae 3, four strong arms
a: Dig, Shaft Self, Renounce Religion, Heroism, Finesse, Duel


You were on level 10 of the Dungeon.
You worshipped Okawaru.
Okawaru was extremely pleased with you.
You visited 2 branches of the dungeon, and saw 12 of its levels.
You also visited: Sewer.

You collected 630 gold pieces.

Inventory:

Hand Weapons
 a - a +2 sling
 d - the +5 flail "Lips" {flame, rPois rC+ Int+4}
   (You found it on level 3 of the Dungeon)

   Int+4:     It affects your intelligence (+4).
   rC+:       It protects you from cold.
   rPois:     It protects you from poison
 z - a +0 orcbow (weapon)
Missiles
 s - 12 boomerangs
 t - 48 poisoned darts
 w - 3 silver javelins
 I - a curare-tipped dart
Armour
 b - a +0 pair of gloves (worn)
 c - a +2 ring mail of fire resistance
 l - +0 steam dragon scales (worn)
 p - a +0 cloak (worn)
 u - a +0 robe of willpower
 B - a +0 kite shield
 J - a +2 tower shield
Jewellery
 m - a +6 ring of strength (right hand)
 x - a ring of willpower (left hand)
Wands
 e - a wand of paralysis (15)
 h - a wand of light (6)
 i - a wand of roots (3)
 j - a wand of polymorph (12)
 q - a wand of flame (13)
Scrolls
 f - a scroll of revelation {unknown}
 g - a scroll of fear {unknown}
 k - a scroll of butterflies {unknown}
 n - 2 scrolls of immolation
 o - a scroll of teleportation {unknown}
 r - 3 scrolls of enchant weapon
 v - a scroll of brand weapon {unknown}
 y - a scroll of amnesia {unknown}
 D - 3 scrolls of enchant armour
 F - 2 scrolls of fog
 P - 6 scrolls of poison
 V - 3 scrolls of vulnerability
Potions
 A - 4 potions of attraction
 C - a potion of cancellation
 G - a potion of ambrosia
 H - a potion of haste
 K - a potion of brilliance {unknown}
 M - a potion of might
 Q - 5 potions of magic


   Skills:
 + Level 7.4(12.4) Fighting
 - Level 12.0(17.0) Ranged Weapons
 - Level 1.7(6.7) Dodging
 - Level 7.0(12.0) Stealth
 - Level 1.1 Spellcasting
 - Level 6.3 Hexes
 - Level 1.0 Fire Magic
 * Level 8.0 Invocations
 - Level 6.0 Evocations


You had 10 spell levels left.
You knew the following spells:

 Your Spells              Type           Power      Damage    Failure   Level
a - Jinxbite              Hex            30%        N/A       3%          2

Your spell library contained the following spells:

 Spells                   Type           Power      Damage    Failure   Level
 Sigil of Binding         Hex            15%        N/A       7%          3
 Inner Flame              Hex/Fire       9%         N/A       21%         3
 Cause Fear               Hex            7%         N/A       22%         4
 Sublimation of Blood     Necr           0%         N/A       41%         2
 Wereblood                Tmut           0%         N/A       41%         2
 Dimensional Bullseye     Hex/Tloc       4%         N/A       63%         4
 Petrify                  Tmut/Erth      0%         N/A       96%         4
 Irradiate                Conj/Tmut      0%         3d11      100%        5
 Lee's Rapid Deconstruct  Erth           0%         3d4*      100%        5
 Animate Armour           Summ/Erth      Unusable   N/A       N/A         4
 Summon Lightning Spire   Summ/Air       Unusable   N/A       N/A         4
 Summon Hydra             Summ           Unusable   N/A       N/A         7

Dungeon Overview and Level Annotations

Branches:
Dungeon (11/15)            Temple (1/1) D:4           Sewer (visited)
   Lair: D:8-11         Orc: D:9-12

Altars:
Ashenzari
Cheibriados
Dithmenos
Elyvilon
Fedhas
Gozag
Hepliaklqana
Kikubaaqudgha
Makhleb
Nemelex Xobeh
Okawaru
Qazlal
Ru
Sif Muna
Trog
Uskayaw
Vehumet
Wu Jian
Xom
Yredelemnul
Zin
The Shining One

Shops:
D:8 *

Portals:
Trove: D:10 (give +6 fire dragon scales)

Annotations:
D:4 2 transporters, baller8008's ghost, amateur HOFi
D:9 1 runed translucent door, Erica; Stellion's ghost, journeyman GnEn


Innate Abilities, Weirdness & Mutations

You cannot be hasted, slowed, berserked, paralysed or teleported.
You can dig through walls and to a lower floor.
You have a pair of large antennae on your head. (SInv)
Your four strong arms can wield two-handed weapons with a shield.


Message History

The catoblepas is heavily wounded.
Fire: z) +0 orcbow
Press: ? - help, Q - select action, (/) - cycle Shift-Dir - straight line, f/p - catoblepas
Aim: a catoblepas (heavily wounded, extremely poisoned, 92% to hit)
You shoot an arrow. The catoblepas is heavily wounded.
Fire: z) +0 orcbow
Press: ? - help, Q - select action, (/) - cycle Shift-Dir - straight line, f/p - catoblepas
Aim: a catoblepas (heavily wounded, extremely poisoned, 92% to hit)
You shoot an arrow. The arrow hits the catoblepas!
The catoblepas is severely wounded.
Fire: z) +0 orcbow
Press: ? - help, Q - select action, (/) - cycle Shift-Dir - straight line, f/p - catoblepas
Aim: a catoblepas (severely wounded, extremely poisoned, 92% to hit)
You shoot an arrow. The arrow barely misses the catoblepas.
Fire: z) +0 orcbow
Press: ? - help, Q - select action, (/) - cycle Shift-Dir - straight line, f/p - catoblepas
Aim: a catoblepas (severely wounded, very poisoned, 92% to hit)
You shoot an arrow. The arrow hits the catoblepas!
The catoblepas is severely wounded.
The catoblepas gores you!!
* * * LOW HITPOINT WARNING * * *
You feel much better. The catoblepas gores you!!
* * * LOW HITPOINT WARNING * * *
Aiming: Fastroot
Press: ? - help, Shift-Dir - straight line, f/p - catoblepas
Aim: a catoblepas (almost dead, very poisoned)
The roots erupt in riotous growth!
Roots grab the catoblepas.
The grasping roots constrict the catoblepas.
The grasping roots constrict the catoblepas.
The roots release their grip on the catoblepas.
Aiming: Fastroot
Press: ? - help, Shift-Dir - straight line, f/p - catoblepas
Aim: a catoblepas (almost dead, very poisoned)
The roots erupt in riotous growth!
Roots grab the catoblepas.
The grasping roots constrict the catoblepas.
The catoblepas gores you!!
You die...

.)......# #.................##...
#'####### #...))........###....##
#).# ####.#############.#.#.
##'#### #.### #.....#. #...).#
#...# ##.#..... #.###.#
#######'########.....##. ..#.#.#
#................###.#..
###.#.####..............#.#......
#.)...#..'..)...@Y.(......###.#..
#.#.###.##..[<.....>(.........##.
#.#...#.####'#############.#.....
#.###.'.# #...######### #.)...#.
..#...### ###.........#####.#.#.
####### #########..##.....##
###########'##.###...
#.......>......# ##.#
#............### #..


You could see a catoblepas (very poisoned, rooted).

Vanquished Creatures
  A two-headed ogre (D:9)
  Pikel (D:9)
  A deep elf pyromancer (D:10)
  An ugly thing (D:7)
  A gargoyle (D:10)
  A komodo dragon (D:10)
  4 trolls
  A slime creature (D:10)
  A shadow (D:9)
  Sigmund (D:5)
  A wyvern (D:9)
  A wraith (D:10)
  2 steam dragons
  6 yaks
  A basilisk (D:9)
  Duvessa (D:7)
  A water moccasin (D:5)
  6 orc warriors
  2 ogres
  Pargi (D:3)
  3 black bears
  2 sky beasts
  2 centaurs
  A lemure (D:9)
  5 kobold brigands
  A bullfrog (D:7)
  A gnoll sergeant (D:9)
  Dowan (D:7)
  13 killer bees
  3 howler monkeys
  3 orc priests
  2 gnoll boudas (D:6)
  2 hounds (D:5)
  5 jellies
  Terence (D:3)
  3 iguanas
  13 orc wizards
  9 adders
  11 gnolls
  4 river rats (Sewer)
  A shadow imp (D:4)
  3 white imps
  2 dart slugs
  37 orcs
  12 ball pythons
  15 endoplasms
  2 giant cockroaches
  6 goblins
  5 hobgoblins
  6 quokkas
  10 bats
  9 frilled lizards
  55 kobolds
  26 rats
309 creatures vanquished.

Notes
Turn   | Place    | Note
-------+----------+-------------------------------------------
     0 | D:1      | Forgeling the Formicid Hexslinger began the quest for the
                  | Orb.
     0 | D:1      | Reached XP level 1. HP: 15/15 MP: 2/2
   173 | D:1      | Reached XP level 2. HP: 21/21 MP: 3/3
   193 | D:1      | Found a faded altar of an unknown god.
   365 | D:1      | Reached skill level 3 in Ranged Weapons
   616 | D:2      | Found a hide-covered altar of Uskayaw.
   722 | D:2      | Reached XP level 3. HP: 26/26 MP: 4/4
  1828 | D:3      | Identified the +5 flail "Lips" {flame, rPois rC+ Int+4}
  1841 | D:3      | Learned a level 2 spell: Jinxbite
  1871 | D:3      | Reached XP level 4. HP: 32/32 MP: 5/5
  1989 | D:3      | Noticed Pargi
  2600 | D:4      | Reached XP level 5. HP: 35/37 MP: 6/6
  2609 | D:4      | Found a staircase to the Ecumenical Temple.
  2638 | D:4      | Reached skill level 5 in Hexes
  2645 | Temple   | Found a transporter.
  2645 | Temple   | Found a transporter.
  2645 | Temple   | Found a transporter.
  2645 | Temple   | Found a transporter.
  2645 | Temple   | Entered the Ecumenical Temple
  2658 | Temple   | Became a worshipper of Warmaster Okawaru
  2875 | D:4      | Reached skill level 4 in Ranged Weapons
  2883 | D:4      | Noticed a black bear
  2896 | D:4      | Killed a black bear
  2897 | D:4      | Reached XP level 6. HP: 43/43 MP: 7/7
  3006 | D:4      | Noticed baller8008's ghost (amateur HOFi)
  3007 | D:4      | Found a transporter.
  3007 | D:4      | Noticed an ogre
  3007 | D:4      | Noticed an ogre
  3008 | D:4      | Found a transporter.
  3008 | D:4      | Noticed an ogre
  3099 | D:4      | Noticed an ogre
  3372 | D:5      | Entered Level 5 of the Dungeon
  3401 | D:5      | Reached skill level 5 in Ranged Weapons
  3579 | D:5      | Found a glowing drain.
  3588 | Sewer    | Entered a sewer
  3876 | Sewer    | Reached * piety under Okawaru
  4112 | Sewer    | Reached skill level 6 in Ranged Weapons
  4112 | Sewer    | Reached XP level 7. HP: 16/48 MP: 4/8
  4773 | D:5      | Noticed a water moccasin
  4809 | D:5      | Noticed Sigmund
  4818 | D:5      | HP: 2/48 [white imp/puff of frost (7)]
  4825 | D:5      | HP: 1/48 [orc/+0 club (1)]
  4902 | D:5      | Killed a water moccasin
  4977 | D:5      | Killed Sigmund
  4978 | D:5      | Reached skill level 7 in Ranged Weapons
  4978 | D:5      | Reached XP level 8. HP: 35/54 MP: 7/10
  5351 | D:6      | Reached ** piety under Okawaru
  5352 | D:6      | Reached skill level 8 in Ranged Weapons
  5694 | D:6      | Reached skill level 9 in Ranged Weapons
  5836 | D:6      | Found a shimmering blue altar of Sif Muna.
  5847 | D:6      | Found a shadowy altar of Dithmenos.
  5851 | D:6      | Found a hide-covered altar of Uskayaw.
  5872 | D:6      | Found a basalt altar of Yredelemnul.
  5876 | D:6      | Found an ancient bone altar of Kikubaaqudgha.
  5881 | D:6      | Found a snail-covered altar of Cheibriados.
  5887 | D:6      | Found a broken altar of Ashenzari.
  6141 | D:6      | Reached XP level 9. HP: 37/62 MP: 7/11
  6750 | D:3      | Killed Pargi
  6795 | D:3      | Noticed Terence
  6804 | D:3      | Killed Terence
  6821 | D:3      | Reached skill level 5 in Stealth
  6980 | D:4      | Found a basalt altar of Yredelemnul.
  6980 | D:4      | Found a shimmering blue altar of Sif Muna.
  6980 | D:4      | Found a shimmering altar of Xom.
  6980 | D:4      | Found a white marble altar of Elyvilon.
  6980 | D:4      | Found an ancient bone altar of Kikubaaqudgha.
  6980 | D:4      | Found a basalt altar of Yredelemnul.
  7186 | D:7      | Noticed a purple ugly thing
  7302 | D:7      | Killed a purple ugly thing
  7633 | D:7      | Reached *** piety under Okawaru
  7703 | D:7      | Noticed Duvessa
  7703 | D:7      | Noticed Dowan
  7726 | D:7      | Killed Duvessa
  7746 | D:7      | Killed Dowan
  8098 | D:7      | Reached skill level 10 in Ranged Weapons
  8098 | D:7      | Reached XP level 10. HP: 67/71 MP: 11/13
  8736 | D:8      | Reached skill level 1 in Evocations
  8917 | D:8      | Reached skill level 5 in Invocations
  9120 | D:8      | Found Goysm's Elemental Accessories.
 10334 | D:9      | Noticed Erica
 10662 | D:9      | Noticed Pikel
 10669 | D:9      | Killed Pikel
 10670 | D:9      | Reached skill level 5 in Evocations
 10689 | D:9      | Reached skill level 11 in Ranged Weapons
 10822 | D:9      | Reached **** piety under Okawaru
 11052 | D:9      | Found a runed translucent door.
 11054 | D:9      | Noticed Stellion's ghost (journeyman GnEn)
 11087 | D:9      | Noticed a two-headed ogre
 11103 | D:9      | Killed a two-headed ogre
 11104 | D:9      | Reached XP level 11. HP: 77/77 MP: 12/15
 11151 | D:10     | Entered Level 10 of the Dungeon
 11196 | D:10     | Reached skill level 12 in Ranged Weapons
 11278 | D:10     | Found a hazy altar of Hepliaklqana.
 11308 | D:10     | Found a portal to a secret trove of treasure.
 11363 | D:10     | Reached skill level 5 in Fighting
 11448 | D:10     | Found a shimmering altar of Xom.
 11500 | D:10     | Noticed a deep elf pyromancer
 11766 | D:10     | Reached ***** piety under Okawaru
 12013 | D:10     | Killed a deep elf pyromancer
 12013 | D:10     | Received a gift from Okawaru
 12731 | D:11     | Noticed a catoblepas
 12762 | D:10     | Slain by a catoblepas

Illustrated notes

Levels and vault maps discovered:
D:1:      psy_arrival_basics, layout_basic, shapermc_ecumenical_altar_pompeii,
          minmay_pentomino_v4
D:2:      minmay_door_path, layout_basic, basic_altar, minmay_quantized
D:3:      minmay_razor_zed, layout_rooms, uniq_terence, uniq_pargi
D:4:      cheibrodos_fertilizer, layout_gridville,
          minmay_temple_entry_water_ring, gammafunk_ghost_smash
D:5:      layout_rooms, portal_sewer_entry_d, chequers_serial_rivers_micro_e,
          uniq_sigmund
D:6:      layout_basic, mainiacjoe_overflow_alcove_3,
          gammafunk_temple_overflow_forgotten, chequers_serial_rivers_small_a,
          nicolae_concentric_dashed_squares_mild,
          chequers_serial_rivers_large_a, chequers_serial_rivers_micro_d
D:7:      layout_cave_pods, uniq_duvessa
D:8:      layout_gridville, nicolae_elemental_shop
D:9:      layout_irregular_city, ebering_ghost_inner_flame, uniq_pikel,
          uniq_erica
D:10:     layout_roguey, mainiacjoe_overflow_alcove_2,
          overflow_temple_1_default, enter_trove_0, minmay_fractal_squares_5
D:11:     layout_loops_ring, grunt_lair_entry_orc_guard_hut, hiddenorc2_lemuel
Temple:   hellmonk_temple_divided_pantheon

Skill      XL: |  1  2  3  4  5  6  7  8  9 10 11 |
---------------+----------------------------------+-----
Ranged Weapons | 3 4 6 7 9 10 11 12 | 12.0
Hexes          | 4 5 6 |  6.3
Invocations    | 2 3 4 6 8 |  8.0
Stealth        | 3 4 7 |  7.0
Fighting       | 2 4 7 |  7.4
Evocations     | 6 |  6.0
Dodging        | |  1.7
Spellcasting   | |  1.1
Fire Magic     | |  1.0

Action                     |  1- 3 |  4- 6 |  7- 9 | 10-12 || total
---------------------------+-------+-------+-------+-------++-------
  Melee: Flail             |       |     1 |    12 |    33 ||    46
         Unarmed           |       |       |     2 |       ||     2
         Punch             |       |       |     1 |     2 ||     3
         Sling             |       |       |       |     1 ||     1
   Fire: Sling             |   101 |   204 |   348 |   112 ||   765
         Orcbow            |       |       |       |   347 ||   347
  Throw: Dart              |       |       |     2 |    11 ||    13
   Cast: Jinxbite          |       |     5 |    22 |    20 ||    47
 Invoke: Heroism           |       |       |     5 |     8 ||    13
  Evoke: Wand              |       |     2 |     3 |     9 ||    14
    Use: Scroll            |     5 |     3 |     5 |     2 ||    15
         Potion            |       |     1 |     3 |     4 ||     8
   Stab: Invisible         |       |       |     1 |       ||     1
         Paralysed         |       |       |       |     2 ||     2
 Armour: Robe              |    13 |    83 |    59 |       ||   155
         Skin              |       |     7 |     7 |       ||    14
         Steam dragon scal |       |       |    58 |   159 ||   217
         Ring mail         |       |       |       |    36 ||    36
  Dodge: Dodged            |    30 |    70 |    83 |   212 ||   395

Table legend: (Time is in decaauts)
 A = Elapsed time spent in this place.
 B = Non-inter-level travel time spent in this place.
 C = Inter-level travel time spent in this place.
 D = Time resting spent in this place.
 E = Time spent auto-exploring this place.
 F = Levels seen in this place.
 G = Mean time per level.
                   A        B        C        D        E       F      G
               +--------+--------+--------+--------+--------+-----+--------+
         Total |  12813 |  11863 |    950 |   1799 |   6003 |  13 |  985.6 |
       Dungeon |  11832 |  10882 |    950 |   1534 |   5837 |  11 | 1075.6 |
        Temple |     35 |     35 |      0 |      0 |      0 |   1 |   35.0 |
         Sewer |    946 |    946 |      0 |    264 |    166 |   1 |  946.0 |
               +--------+--------+--------+--------+--------+-----+--------+

Top non-repeatable levels by time:
     D:6: 1515 daAuts
    D:10: 1476 daAuts
     D:9: 1400 daAuts
     D:4: 1327 daAuts
     D:7: 1280 daAuts
     D:8: 1270 daAuts
     D:2: 1266 daAuts
   Sewer: 946 daAuts
     D:3: 875 daAuts
     D:5: 782 daAuts
     D:1: 614 daAuts
  Temple: 35 daAuts
    D:11: 22 daAuts
